Map: Oxide LE

Players

INnoVation - Winner!

  • Race: Terran Terran
  • League: Grandmaster
  • Spawn Location: 7:00

AfreecaDRG (DRG)

  • Race: Zerg Zerg
  • League: Grandmaster
  • Spawn Location: 1:00

Event: DreamHack SC2 Masters 2020 Winter

VOD

Have the link to the VOD?

Description

Time

  • Played on: Oct. 27, 2020, 8:11 a.m.
  • Length: 13:39

All games in this series

Show
View Real Time Build Order
Export as new Build Order

INnoVation Terran - Winner!

Build Orders: Hellion Opening, Reaper Expand 

Get SALT Encoding   

  12  0:00  SCV  
  13  0:12  SCV  
  14  0:17  Supply Depot  
  14  0:24  SCV  
  15  0:38  SCV  
  15  0:40  Barracks  
  16  0:43  Refinery  
  16  0:50  SCV  
  17  1:02  SCV  
  18  1:14  SCV  
  19  1:26  Reaper  
  19  1:27  Orbital Command  
  20  1:37  Command Center  
  20  1:48  Supply Depot  
  20  1:52  SCV  
  21  1:58  Marine  
  22  2:04  SCV  
  23  2:11  Factory  
  23  2:16  SCV  
  23  2:21  Barracks Reactor  
  24  2:28  SCV  
  25  2:35  Command Center  
  25  2:40  SCV  
  26  2:49  Orbital Command  
  26  2:53  SCV  
  27  2:59  Starport  
  27  3:02  Refinery  
  27  3:05  SCV, Hellion  
  30  3:11  Hellion  
  32  3:15  SCV  
  32  3:17  SCV  
  34  3:28  SCV  
  34  3:29  SCV  
  34  3:30  Hellion  
  34  3:32  Hellion  
  34  3:34  Barracks Tech Lab  
  40  3:35  Viking  
  40  3:41  SCV x2  
  44  3:47  Orbital Command  
  44  3:51  Hellion  
  44  3:53  Hellion, Stimpack  
  48  3:56  SCV  
  48  3:57  SCV  
  50  4:03  Supply Depot  
  50  4:09  Armory  
  51  4:10  SCV x2  
  52  4:19  Refinery  
  52  4:20  Refinery  
  52  4:21  SCV  
  52  4:22  SCV x2  
  55  4:27  Factory  
  55  4:31  Marine  
  55  4:33  SCV  
  55  4:34  SCV x2  
  55  4:35  Factory Tech Lab  
  55  4:36  Supply Depot  
  58  4:40  Starport Reactor  
  58  4:45  SCV  
  58  4:46  SCV x2  
  61  4:58  SCV x2  
  61  4:59  Widow Mine, Drilling Claws  
  64  5:00  Barracks x2, Orbital Command  
  64  5:02  Supply Depot  
  63  5:10  SCV x2, Engineering Bay  
  63  5:11  Engineering Bay  
  65  5:15  Widow Mine x2  
  65  5:16  Medivac  
  65  5:20  Widow Mine, Medivac  
  75  5:23  SCV  
  75  5:24  SCV  
  75  5:25  Supply Depot  
  75  5:26  SCV  
  78  5:29  Marine  
  79  5:37  Supply Depot  
  79  5:38  SCV x3  
  79  5:39  Widow Mine  
  84  5:46  Widow Mine x2  
  84  5:48  Supply Depot, Terran Infantry Weapons Level 1  
  84  5:49  Terran Infantry Armor Level 1  
  88  5:52  Supply Depot  
  88  5:54  Barracks Reactor  
  88  5:55  Barracks Reactor  
  88  5:57  Barracks x2  
  88  6:00  SCV  
  88  6:01  SCV x2  
  91  6:04  Combat Shield, Marine  
  91  6:08  Supply Depot  
  91  6:11  Widow Mine x3  
  98  6:17  SCV x3  
  101  6:20  Refinery  
  101  6:21  Supply Depot, Refinery  
  101  6:22  Marine  
  101  6:25  Medivac  
  104  6:29  SCV x3, Medivac  
  109  6:33  Marine x4  
  109  6:35  Widow Mine  
  109  6:39  Widow Mine  
  117  6:44  SCV x3  
  120  6:49  Barracks Reactor x2  
  120  6:52  Supply Depot  
  122  6:56  SCV x2  
  122  6:57  Marine x3  
  121  7:05  Command Center  
  121  7:07  Factory Tech Lab  
  118  7:09  SCV x3  
  118  7:11  Marine  
  118  7:12  Marine  
  123  7:19  Supply Depot  
  123  7:20  Supply Depot  
  123  7:25  Medivac x2  
  127  7:32  Siege Tank, Marine  
  127  7:33  Marine x4  
  127  7:34  Marine  
  122  7:46  Terran Infantry Weapons Level 2, Terran Infantry Armor Level 2  
  122  7:47  Terran Vehicle Weapons Level 1  
  122  7:49  Marine x3  
  122  7:50  Marine x2  
  122  7:51  Marine x3  
  127  8:01  Marine  
  127  8:03  Medivac x2  
  132  8:07  Marine x3  
  132  8:08  Marine x3  
  138  8:16  Barracks  
  138  8:19  Barracks  
  139  8:20  SCV x3  
  139  8:21  Barracks  
  139  8:24  Siege Tank, Marine x3  
  139  8:25  Marine x3  
  150  8:27  Sensor Tower  
  150  8:32  SCV x3  
  153  8:36  Medivac x2  
  154  8:43  Marine x5  
  154  8:44  Marine  
  154  8:48  Supply Depot, Planetary Fortress  
  160  8:53  SCV x3, Refinery  
  160  8:55  Supply Depot x2  
  163  8:57  Factory Tech Lab, Sensor Tower  
  163  8:59  Siege Tank  
  163  9:02  Marine x2, Marauder  
  169  9:03  Barracks Tech Lab, Marine  
  169  9:04  Concussive Shells  
  169  9:07  Barracks Tech Lab  
  169  9:08  Marine  
  169  9:09  Marine x4  
  174  9:23  Marauder  
  171  9:28  Siege Tank  
  171  9:29  Marauder x2  
  171  9:30  Marine x10  
  152  9:31  Siege Tank  
  133  9:47  Medivac  
  133  9:56  Marine, Medivac  
  126  10:00  Command Center  
  126  10:02  Siege Tank  
  126  10:03  Siege Tank  
  126  10:04  Terran Infantry Weapons Level 3  
  126  10:05  Marine  
  126  10:06  Marine  
  133  10:10  Marine x3, Refinery, SCV x3  
  139  10:15  Supply Depot x2  
  139  10:21  Terran Infantry Armor Level 3  
  139  10:24  SCV x2  
  139  10:28  Marine  
  142  10:30  Marine, Marauder  
  142  10:31  Marauder  
  142  10:32  Marine  
  148  10:36  SCV x2  
  148  10:37  SCV  
  148  10:42  Supply Depot, Siege Tank  
  154  10:45  Supply Depot  
  154  10:46  Siege Tank  
  154  10:47  Marine  
  158  10:52  Marine x5, Supply Depot  
  158  10:54  Marine  
  158  10:55  SCV  
  165  10:59  Marine  
  165  11:03  Marine x4, Medivac, SCV  
  172  11:06  Medivac  
  173  11:11  SCV x2  
  173  11:12  Orbital Command  
  173  11:15  SCV, Siege Tank  
  173  11:17  Marine  
  173  11:18  Marine x3, Siege Tank  
  183  11:22  Marauder  
  184  11:27  Marine x8  
  192  11:35  Marine  
  192  11:41  Medivac x2  
  194  11:53  Command Center  
  194  12:03  Sensor Tower  
  194  12:12  Supply Depot  
  193  12:16  Marine, SCV x3  
  193  12:17  Siege Tank, Marauder  
  193  12:18  Marauder, Siege Tank, Medivac x2  
  193  12:21  Marine x5  
  183  12:23  Marine  
  184  12:31  Marine x2  
  184  12:32  Marine x2  
  184  12:34  Marine  
  186  12:42  Marine  
  186  12:45  Marine x2  
  186  12:46  Marine  
  186  12:47  Marine  
  186  12:48  Medivac x2  
  186  12:49  Siege Tank  
  196  12:54  Marine x4  
  188  13:00  Marine x5  
  188  13:04  Marine x3  
  190  13:17  Marine x4  
  197  13:20  Marine  
Show
View Real Time Build Order
Export as new Build Order

AfreecaDRG Zerg 

Build Orders: Hatch First 

Get SALT Encoding   

  12  0:00  Drone  
  13  0:11  Overlord  
  13  0:16  Drone  
  14  0:30  Drone x2  
  16  0:47  Hatchery  
  15  0:51  Drone  
  15  0:54  Drone  
  17  0:57  Drone  
  18  1:08  Extractor  
  17  1:13  Spawning Pool  
  17  1:15  Drone  
  17  1:19  Drone  
  18  1:27  Drone  
  19  1:38  Drone  
  20  1:48  Drone  
  21  1:59  Queen x2  
  21  2:00  Zergling x4  
  27  2:10  Drone  
  27  2:11  Overlord  
  28  2:19  Hatchery  
  28  2:22  Drone  
  28  2:28  Spore Crawler  
  28  2:29  Drone  
  28  2:32  Drone x2  
  31  2:39  Queen  
  31  2:44  Overlord  
  33  2:48  Drone  
  33  2:51  Metabolic Boost  
  34  2:54  Drone  
  34  2:56  Drone  
  36  3:03  Overlord  
  36  3:07  Drone x3  
  36  3:09  Drone  
  36  3:12  Drone x2  
  42  3:15  Drone  
  42  3:17  Drone  
  44  3:22  Queen  
  44  3:24  Drone  
  47  3:27  Drone  
  47  3:31  Queen  
  50  3:34  Overlord  
  50  3:39  Drone x2  
  52  3:45  Drone x2  
  54  3:49  Queen  
  54  3:52  Overlord  
  54  3:53  Drone x3  
  59  3:58  Drone x2  
  59  4:01  Queen  
  63  4:07  Zergling x4  
  63  4:09  Overlord  
  65  4:10  Overlord  
  65  4:12  Drone x2  
  67  4:18  Evolution Chamber, Extractor  
  67  4:19  Drone  
  67  4:20  Overlord  
  67  4:21  Evolution Chamber  
  67  4:22  Drone  
  66  4:26  Overlord  
  66  4:28  Drone x2  
  68  4:33  Overlord  
  68  4:34  Drone  
  68  4:36  Drone  
  70  4:39  Zergling x6  
  70  4:41  Drone x3  
  70  4:43  Drone  
  77  4:45  Zerg Ground Armor Level 1  
  77  4:49  Zerg Melee Weapons Level 1  
  77  4:52  Drone x2  
  79  4:53  Drone  
  79  4:56  Drone  
  79  4:59  Extractor x2  
  79  5:01  Spore Crawler  
  79  5:02  Drone, Spore Crawler  
  79  5:04  Drone x2  
  79  5:06  Drone x2  
  82  5:09  Lair  
  82  5:10  Drone  
  82  5:12  Drone  
  82  5:13  Drone  
  85  5:16  Baneling Nest  
  85  5:17  Drone x3  
  85  5:19  Drone  
  88  5:21  Drone  
  88  5:23  Drone x2  
  91  5:28  Extractor, Overlord  
  91  5:29  Spore Crawler  
  91  5:32  Drone x4  
  91  5:34  Extractor  
  92  5:39  Overlord  
  92  5:41  Overlord  
  92  5:47  Hatchery  
  92  5:48  Zergling x8  
  95  5:51  Zergling x2  
  95  5:52  Zergling x2  
  95  5:56  Zergling x8  
  101  6:01  Zergling x6  
  104  6:06  Drone  
  104  6:07  Centrifical Hooks  
  104  6:08  Spore Crawler  
  104  6:13  Hydralisk Den  
  104  6:14  Drone, Overlord  
  104  6:19  Overseer  
  104  6:22  Drone x4  
  104  6:23  Drone x5  
  113  6:28  Drone x2  
  113  6:32  Overlord  
  115  6:34  Overlord  
  115  6:35  Drone  
  115  6:36  Drone  
  115  6:39  Overlord  
  117  6:40  Pneumatized Carapace  
  117  6:41  Overseer  
  116  6:48  Grooved Spines  
  116  6:50  Hydralisk x4  
  124  6:54  Zerg Melee Weapons Level 2, Zerg Ground Armor Level 2  
  121  7:04  Drone x7  
  121  7:07  Spore Crawler  
  127  7:14  Hydralisk x4  
  135  7:18  Baneling x7  
  126  7:34  Drone x2  
  126  7:35  Drone x5  
  123  7:37  Zergling x2  
  123  7:38  Zergling x6  
  123  7:44  Queen, Hydralisk x5  
  126  7:47  Zergling x4  
  126  7:49  Zergling x4  
  142  7:52  Overlord  
  142  7:57  Overlord  
  142  7:58  Zergling x8  
  146  8:00  Muscular Augments  
  146  8:02  Baneling x11  
  146  8:11  Hydralisk  
  146  8:12  Hydralisk x2  
  152  8:14  Zergling x6  
  155  8:20  Zergling x16  
  155  8:21  Hatchery  
  155  8:23  Zergling x6  
  155  8:26  Baneling  
  155  8:27  Baneling x8  
  165  8:29  Hydralisk  
  165  8:34  Overlord x3  
  167  8:40  Zergling x2  
  167  8:41  Zergling x2  
  169  8:46  Zergling x12  
  169  8:48  Overlord  
  175  8:49  Baneling x9  
  175  8:50  Baneling x10  
  176  8:55  Zergling x12  
  176  8:59  Zergling x8  
  183  9:03  Zergling x4  
  183  9:07  Baneling x7  
  183  9:08  Baneling x3, Zergling x2  
  183  9:09  Zergling x2  
  187  9:10  Zerg Missile Weapons Level 1  
  187  9:13  Drone, Infestation Pit  
  187  9:14  Drone x3  
  183  9:17  Zergling x8  
  184  9:29  Zergling x16  
  173  9:37  Zergling x10  
  175  9:42  Hydralisk x6  
  175  9:44  Zergling x6  
  175  9:45  Baneling x8  
  179  9:50  Zergling x4  
  179  9:51  Hive  
  176  10:01  Zergling x8  
  176  10:03  Baneling  
  176  10:05  Zergling x4  
  182  10:10  Hatchery  
  181  10:15  Zergling x8  
  181  10:20  Zergling x24  
  197  10:36  Drone x2  
  197  10:39  Extractor  
  198  10:45  Baneling x9  
  198  10:47  Baneling x8  
  198  10:48  Baneling x21  
  198  10:54  Zergling x2  
  198  10:58  Hatchery  
  198  11:02  Zergling x6  
  198  11:03  Zergling x6  
  194  11:19  Adrenal Glands  
  194  11:22  Zergling x10  
  194  11:28  Zergling x14  
  198  11:38  Zergling x12  
  200  11:42  Spore Crawler, Extractor  
  200  11:46  Viper  
  187  11:49  Zergling x26  
  198  11:56  Zergling x4  
  200  12:03  Overseer, Overlord  
  200  12:05  Ultralisk Cavern  
  200  12:08  Overlord  
  199  12:11  Zergling x6  
  199  12:12  Baneling x9  
  197  12:20  Zergling x24  
  171  12:24  Queen, Zergling x18  
  171  12:28  Baneling x5  
  178  12:31  Zergling x10  
  178  12:34  Zergling x6  
  178  12:36  Zergling x2  
  178  12:37  Zergling x2  
  187  12:39  Zergling x4  
  177  12:46  Baneling x7  
  177  12:47  Zergling x8  
  130  13:01  Hydralisk x12  
  130  13:03  Zergling x6  
  130  13:08  Hydralisk x2  
  130  13:12  Baneling x4  
  115  13:17  Zergling x2  
Tags
 
Add a new tag
Caveats
  • Supply blocks, unpowered buildings, or Contaminate may cause inaccurate times.
  • Supply counts are checked every 10 seconds.